AoeStats
← toxicity011

Arena

510617954Analyzed
1v1 RM · 2d ago on Oct 1, 2026· 63m 46s· 2 players
Game mode
Random Map
Map size
Tiny (2 player)
Population
200
Speed
Normal
Resources
Standard
Victory
Conquest
Starting age
Dark Age
Ending age
Imperial Age
RankedLock teamsTeams togetherTeam positionsShared explorationLock speedFull tech treeHidden civsTurbo modeCheats
Victory
Defeat
🇨🇦 Japanese · Canada
442
+14
🇮🇳 Teutons · India
409
-14
toxicity011
11:32 Feudal Age
12:31 Double-Bit Axe
14:56 Horse Collar
17:04 Bloodlines
21:36 Castle Age
26:16 Gold Mining
26:36 Crossbowman
32:47 Stone Mining
32:30 Elite Skirmisher
34:21 Scale Barding Armor
34:18 Padded Archer Armor
34:09 Fletching
34:20 Scale Mail Armor
34:31 Forging
35:16 Bow Saw
36:14 Loom
46:18 Imperial Age
44:53 Guard Tower
45:24 Ballistics
46:23 Stone Shaft Mining
48:08 Two-Man Saw
48:41 Conscription
49:02 Cavalier
51:42 Heavy Plow
52:05 Chain Barding Armor
52:01 Leather Archer Armor
51:42 Bodkin Arrow
52:23 Iron Casting
55:12 Chemistry
53:58 Arrowslits
57:58 Town Watch
58:49 Wheelbarrow
58:00 Loom
58:50 Ring Archer Armor
58:37 Chain Mail Armor
58:49 Fortified Wall
58:50 Masonry
60:19 Hoardings
62:54 Heavy Scorpion
Logan Paul
2:23 Loom
15:25 Feudal Age
18:34 Wheelbarrow
18:29 Arson
18:22 Man-at-Arms
20:42 Town Watch
22:13 Horse Collar
22:20 Double-Bit Axe
34:25 Castle Age
34:16 Bloodlines
35:13 Gold Mining
35:13 Stone Mining
36:05 Heavy Plow
36:17 Bow Saw
36:24 Hand Cart
36:11 Town Patrol
36:16 Squires
36:01 Gambesons
35:37 Long Swordsman
36:52 Guard Tower
36:46 Treadmill Crane
37:31 Murder Holes
37:57 Ballistics
38:35 Fortified Wall
39:26 Pikeman
41:20 Husbandry
43:10 Thumb Ring
43:20 Masonry
47:59 Imperial Age
45:40 Fletching
47:04 Gold Shaft Mining
47:20 Yasama
48:29 Padded Archer Armor
48:25 Bodkin Arrow
48:29 Arrowslits
49:44 Chemistry
49:41 Hoardings
49:28 Conscription
49:22 Light Cavalry
51:58 Keep
51:29 Siege Engineers
52:40 Bracer
52:55 Leather Archer Armor
54:42 Capped Ram
54:43 Onager
54:44 Heavy Scorpion
54:57 Elite Samurai
56:48 Parthian Tactics
55:44 Heavy Cavalry Archer
57:02 Ring Archer Armor
58:02 Two-Man Saw
61:14 Kataparuto
Connection lost

Rejoining the realm…

Still unreachable

The connection could not be restored.

Session expired

The server has moved on; the page needs a fresh start.